 Dungeon Crawl Stone Soup version 0.23-a0-164-g7711e57 (webtiles) character file.

27671 iamserjio the Spry (level 13, -3/76 HPs)
             Began as a Deep Elf Wanderer on Sept 9, 2018.
             Was a High Priest of Dithmenos.
             Slain by a basilisk (5 damage)
             ... on level 5 of the Lair of Beasts.
             The game lasted 01:25:43 (24876 turns).

iamserjio the Spry (Deep Elf Wanderer)             Turns: 24876, Time: 01:25:44

Health: -3/76      AC: 10    Str: 12    XL:     13   Next: 5%
Magic:  33/40      EV:  2    Int: 20    God:    Dithmenos [*****.]
Gold:   770        SH:  0    Dex: 17    Spells: 13/36 levels left

rFire    . . .     SeeInvis .   K - +4 flail (protect)
rCold    . . .     Gourm    .   (no shield)
rNeg     + + +     Faith    .   V - +0 robe of Precision Catastrophes {rElec rPois Str+3} (curse)
rPois    ∞         Spirit   .   C - +0 helmet
rElec    +         Reflect  .   c - +2 cloak
rCorr    .         Harm     .   j - +2 pair of gloves
MR       +....                  n - +0 pair of boots
Stlth    +++.......             d - amulet of magic regeneration
HPRegen  0.22/turn              Y - ring of magical power
MPRegen  0.52/turn              t - ring of wizardry

@: petrified, wreathed by umbra
A: no striking features
a: Shadow Step, Shadow Form, Renounce Religion


You were on level 5 of the Lair of Beasts.
You worshipped Dithmenos.
Dithmenos was extremely pleased with you.
You were not hungry.

You visited 3 branches of the dungeon, and saw 18 of its levels.
You also visited: Labyrinth.

You collected 1131 gold pieces.
You spent 361 gold pieces at shops.

Inventory:

Hand Weapons
 K - a +4 flail of protection (weapon)
 T - a +2 quarterstaff of speed
Missiles
 L - 3 throwing nets (quivered) {!f}
Armour
 c - a +2 cloak (worn)
 j - a +2 pair of gloves (worn)
 n - a +0 pair of boots (worn)
 y - the +0 robe of Entitlement {rElec rF+ MP+9 Slay+3}
   (You found it on level 9 of the Dungeon)

   It affects your accuracy and damage with ranged weapons and melee attacks
   (+3).
   It protects you from fire.
   It insulates you from electricity.
   It affects your magic capacity (+9).
 C - a +0 helmet (worn)
 N - the +8 ring mail "Kueh" {rPois rF- Int+4}
   (You found it on level 9 of the Dungeon)

   It affects your intelligence (+4).
   It makes you vulnerable to fire.
   It protects you from poison.
 V - the cursed +0 robe of Precision Catastrophes (worn) {rElec rPois Str+3}
   (You found it on level 1 of the Lair of Beasts)

   It affects your strength (+3).
   It insulates you from electricity.
   It protects you from poison.
   It has a curse placed upon it.
Jewellery
 d - an amulet of magic regeneration (around neck)
 p - an uncursed ring of see invisible
 t - a ring of wizardry (right hand)
 S - an uncursed amulet of harm {unknown}
 Y - a ring of magical power (left hand)
Wands
 s - a wand of iceblast (20)
 w - a wand of digging (3)
 B - a wand of enslavement (12)
 E - a wand of scattershot (8)
 M - a wand of acid (6)
 X - a wand of disintegration (9)
 Z - a wand of paralysis (14)
Scrolls
 a - 11 scrolls of teleportation
 g - 2 scrolls of magic mapping
 h - a scroll of summoning {unknown}
 i - 4 scrolls of blinking
 m - 5 scrolls of amnesia
 r - 3 scrolls of fear
 v - 2 scrolls of holy word
 x - a scroll of immolation {unknown}
 z - 2 scrolls of remove curse {@r2}
 I - a scroll of vulnerability {unknown}
 J - a scroll of enchant weapon {unknown}
 P - a scroll of brand weapon {unknown}
 Q - a scroll of acquirement {unknown}
 W - 2 scrolls of enchant armour {unknown}
Potions
 b - a potion of flight
 e - 3 potions of curing {@q1}
 k - a potion of berserk rage {unknown}
 l - 2 potions of mutation
 o - a potion of invisibility {unknown}
 q - 6 potions of brilliance
 D - 4 potions of heal wounds
 F - a potion of might
 H - 3 potions of lignification
 O - 2 potions of resistance
 R - a potion of haste
 U - 2 potions of agility {unknown}
Miscellaneous
 u - a lamp of fire
 A - a phantom mirror
 G - a phial of floods
Comestibles
 f - 29 rations


   Skills:
 + Level 7.4 Fighting
   Level 1.1 Bows
 - Level 1.5 Armour
 - Level 15.0 Dodging
 - Level 1.2 Stealth
   Level 1.0 Shields
 - Level 12.1 Spellcasting
 - Level 10.0 Conjurations
 - Level 7.0 Summonings
 - Level 1.8 Necromancy
 - Level 5.0 Air Magic
 + Level 4.3 Invocations
 - Level 2.0 Evocations


You had 13 spell levels left.
You knew the following spells:

 Your Spells              Type           Power        Failure   Level  Hunger
a - Ozocubu's Armour      Chrm/Ice       ##......     7%          3    None
b - Swiftness             Chrm/Air       ###.....     1%          2    None
c - Airstrike             Air            ####......   2%          4    #......
d - Lightning Bolt        Conj/Air       #####.....   2%          5    ####...
e - Summon Lightning Spi  Summ/Air       #####...     1%          4    #......
f - Animate Skeleton      Necr           N/A          1%          1    None
g - Apportation           Tloc           ##....       2%          1    None
h - Call Canine Familiar  Summ           #####...     1%          3    None

Your spell library contained the following spells:

 Spells                   Type           Power        Failure   Level  Hunger
 Shock                    Conj/Air       ####         1%          1    None
 Summon Small Mammal      Summ           ####         1%          1    None
 Call Imp                 Summ           #####...     1%          2    None
 Throw Frost              Conj/Ice       ####..       1%          2    None
 Dazzling Spray           Conj/Hex       ####..       1%          3    None
 Static Discharge         Conj/Air       #####...     1%          3    None
 Summon Guardian Golem    Hex/Summ       ####....     1%          3    None
 Confusing Touch          Hex            ##....       2%          1    None
 Corona                   Hex            ##.....      2%          1    None
 Freeze                   Ice            ##..         2%          1    None
 Throw Icicle             Conj/Ice       ####....     2%          4    #......
 Ensorcelled Hibernation  Hex/Ice        ##....       3%          2    None
 Summon Ice Beast         Ice/Summ       ####....     5%          4    #......
 Confuse                  Hex            ##......     7%          3    None
 Tukima's Dance           Hex            ##......     7%          3    None


Dungeon Overview and Level Annotations

Branches:
Dungeon (12/15)            Temple (1/1) D:4            Lair (5/6) D:9
 Shoals (0/4) Lair:3        Snake (0/4) Lair:4          Orc (0/2) D:9
  Slime: Lair:5-6

Altars:
Ashenzari
Cheibriados
Dithmenos
Elyvilon
Fedhas
Gozag
Hepliaklqana
Kikubaaqudgha
Makhleb
Nemelex Xobeh
Okawaru
Qazlal
Ru
Sif Muna
Trog
Uskayaw
Vehumet
Wu Jian
Xom
Yredelemnul
Zin
The Shining One

Shops:
D:5 ?   D:8 *   D:9 [   D:10 *

Annotations:
D:11 1 runed door, derval's ghost, journeyman GnTm
D:12 Frances


Message History

The bullfrog hits you but does no damage.
The black mamba bites you but does no damage.
The basilisk gazes at you.
You easily resist.
The bullfrog hits you but does no damage.
The black mamba bites you!
* * * LOW HITPOINT WARNING * * *
The spiny frog stings you.
The basilisk bites you but does no damage.
The bullfrog hits you but does no damage.
The black mamba bites you but does no damage.
The spiny frog stings you!
* * * LOW HITPOINT WARNING * * *
The black mamba bites you but does no damage.
The bullfrog hits you. The hippogriff bites you.
* * * LOW HITPOINT WARNING * * *
The hippogriff pecks you.
The hippogriff claws you but does no damage.
The basilisk bites you!
You die...

# #### .#.
##..#
....#...####
.P..P...l8†+
.......Hll#
#+#+#F@##.HklHD
...8..FS#


Pl.h. ##....##. #l.. ...... .# #. ..... .. ..... .## #... .. ##.8 .. You could
see a hippogriff, a black mamba, a spiny frog, 3 basilisks, a bullfrog and a
friendly lightning spire.

Vanquished Creatures
  A minotaur (Lab)
  3 hydras
  A two-headed ogre (D:11)
  Sonja (Lair:1)
  An unseen horror (D:11)
  An ugly thing (D:11)
  Maurice (D:11)
  2 black mambas
  4 spiny frogs
  The ghost of derval the Insei, a novice GnTm (D:5)
  A rime drake (Lair:3)
  A troll (D:12)
  Grinder (D:3)
  5 hippogriffs
  7 blink frogs
  Prince Ribbit (D:6)
  3 redbacks (Lab)
  2 spriggans (Lair:1)
  17 yaks
  4 wyverns
  A basilisk (Lab)
  3 vampire mosquitoes (D:9)
  Edmund (D:6)
  A water moccasin (Lair:2)
  2 porcupines (Lair:2)
  2 ice beasts
  4 sky beasts
  A black bear (Lair:2)
  2 orc warriors (D:9)
  2 necrophages
  6 ogres
  3 centaurs
  5 crocodiles
  2 big kobolds
  12 bullfrogs
  A gnoll sergeant (D:6)
  2 scorpions
  14 killer bees
  14 wights
  A howler monkey (D:11)
  A crimson imp (D:12)
  2 centaur zombies
  A quasit (D:8)
  2 bullfrog zombies
  2 jellies
  4 hounds
  An orc wizard (D:4)
  4 orc priests
  Terence (D:3)
  6 bullfrog skeletons
  Ijyb (D:3)
  4 iguanas
  14 worker ants
  A killer bee zombie (D:8)
  A hound skeleton (D:5)
  A worker ant zombie (D:5)
  8 gnolls
  10 adders
  2 oozes (D:2)
  2 adder skeletons
  An adder zombie (D:7)
  2 worms
  A dart slug (D:3)
  11 leopard geckos
  25 orcs
  A ball python (D:4)
  7 bats
  4 giant cockroaches
  9 goblins
  6 hobgoblins
  5 jackals
  9 quokkas
  10 frilled lizards
  8 kobolds
  A leopard gecko skeleton (D:8)
  6 rats
311 creatures vanquished.

Vanquished Creatures (collateral kills)
  A hydra (Lair:4)
  A two-headed ogre (D:12)
  Nergalle (D:11)
  An unseen horror (D:9)
  2 black mambas
  5 spiny frogs
  A centaur zombie (D:11)
  A centaur skeleton (D:12)
  2 komodo dragons
  A merfolk (D:10)
  2 trolls (D:11)
  A hornet (Lair:4)
  A queen bee (Lair:1)
  3 blink frogs (Lair:2)
  A spriggan (Lair:1)
  19 yaks
  3 basilisks
  A warg (D:9)
  2 water moccasins
  2 porcupines
  An ice beast (D:12)
  A black bear (D:10)
  3 centaurs
  4 crocodiles
  7 bullfrogs
  8 killer bees
  A howler monkey (D:10)
  A quasit (D:11)
  An orc priest (D:12)
  An iguana (D:9)
  An orc wizard (D:9)
  A worker ant (D:10)
  A worker ant zombie (D:5)
  A shadow imp (D:11)
  An adder skeleton (D:5)
  3 orcs
  A goblin (D:9)
  4 kobolds (D:9)
  A fungus (Lair:2)
  9 plants (Lair:4)
102 creatures vanquished.

Vanquished Creatures (others)
  An ugly thing (D:12)
  6 fungi
  13 plants
20 creatures vanquished.

Grand Total: 433 creatures vanquished

Notes
Turn   | Place    | Note
-------+----------+-------------------------------------------
     0 | D:1      | iamserjio the Deep Elf Wanderer began the quest for the
                  | Orb.
     0 | D:1      | iamserjio set off with: a +0 buckler, a +0 robe, a +0
                  | dagger, a ration
     0 | D:1      | Reached XP level 1. HP: 10/10 MP: 7/7
     2 | D:1      | Learned a level 1 spell: Shock
   295 | D:1      | Reached XP level 2. HP: 15/15 MP: 6/9
   837 | D:1      | Reached XP level 3. HP: 19/19 MP: 7/11
   901 | D:1      | Reached skill level 5 in Spellcasting
  1759 | D:2      | Reached skill level 1 in Dodging
  1759 | D:2      | Reached skill level 1 in Conjurations
  1759 | D:2      | Reached XP level 4. HP: 9/24 MP: 4/13
  2003 | D:2      | Learned a level 2 spell: Swiftness
  2008 | D:2      | Learned a level 4 spell: Airstrike
  2204 | D:2      | Found a radiant altar of Vehumet.
  3012 | D:3      | Reached XP level 5. HP: 28/28 MP: 2/15
  3122 | D:3      | Noticed Terence
  3134 | D:3      | Killed Terence
  3134 | D:3      | Reached skill level 2 in Dodging
  3347 | D:3      | Noticed Grinder
  3355 | D:3      | Noticed Ijyb
  3631 | D:3      | Killed Ijyb
  3921 | D:4      | Reached XP level 6. HP: 32/32 MP: 9/16
  4035 | D:4      | Found a staircase to the Ecumenical Temple.
  4074 | D:4      | Got a faintly humming ring mail
  4147 | Temple   | Entered the Ecumenical Temple
  4587 | Temple   | Became a worshipper of Dithmenos the Shadowed
  4717 | D:4      | Reached skill level 3 in Dodging
  5219 | D:4      | Reached XP level 7. HP: 36/36 MP: 8/18
  5289 | D:4      | Found an ancient bone altar of Kikubaaqudgha.
  5846 | D:3      | Found a burning altar of Makhleb.
  6117 | D:3      | Killed Grinder
  6117 | D:3      | Reached skill level 1 in Fighting
  6117 | D:3      | Reached skill level 5 in Conjurations
  6855 | D:4      | Learned a level 5 spell: Lightning Bolt
  6870 | D:5      | Entered Level 5 of the Dungeon
  7150 | D:5      | Reached skill level 4 in Dodging
  7210 | D:5      | Reached XP level 8. HP: 44/44 MP: 5/20
  7465 | D:5      | Found an ornate altar of the Wu Jian Council.
  7465 | D:5      | Found a hazy altar of Hepliaklqana.
  7470 | D:5      | Found a faded altar of an unknown god.
  7474 | D:5      | Reached skill level 5 in Air Magic
  7476 | D:5      | Found an iron altar of Okawaru.
  7478 | D:5      | Found a faded altar of an unknown god.
  7529 | D:5      | Found a runed gate.
  7530 | D:5      | Found a runed gate.
  7531 | D:5      | Found a runed gate.
  7533 | D:5      | Noticed derval's ghost (novice GnTm)
  7628 | D:5      | Found Urajag's Magic Scroll Shoppe.
  7659 | D:5      | Bought a scroll of identify for 20 gold pieces
  7659 | D:5      | Bought a scroll of fear for 35 gold pieces
  7659 | D:5      | Bought a scroll of fear for 35 gold pieces
  7659 | D:5      | Bought a scroll of blinking for 75 gold pieces
  8155 | D:5      | Reached * piety under Dithmenos
  8600 | D:6      | Reached skill level 5 in Dodging
  8709 | D:6      | Reached skill level 1 in Evocations
  8739 | D:6      | Reached skill level 1 in Invocations
  9170 | D:6      | Noticed Prince Ribbit
  9251 | D:6      | Noticed Edmund
  9344 | D:6      | Killed Edmund
  9344 | D:6      | Reached XP level 9. HP: 51/52 MP: 1/22
  9896 | D:6      | Killed Prince Ribbit
 10528 | D:7      | Reached skill level 6 in Dodging
 10905 | D:7      | Found a white marble altar of Elyvilon.
 11551 | D:7      | Identified the +3 ring mail of Day {rElec Dex+2} (You found
                  | it on level 4 of the Dungeon)
 12444 | D:8      | Found Caukk's Assorted Antiques.
 12461 | D:8      | Bought a bone wand for 96 gold pieces
 12466 | D:8      | Learned a level 4 spell: Summon Lightning Spire
 12889 | D:9      | Reached skill level 1 in Summonings
 13147 | D:9      | Reached XP level 10. HP: 33/55 MP: 16/25
 13151 | D:9      | HP: 3/82 [vampire mosquito (6)]
 13155 | D:9      | Reached skill level 7 in Dodging
 14006 | D:9      | Found a staircase to the Lair.
 14018 | D:9      | Found Ybrygi's Antique Armour Shop.
 14051 | D:9      | Got a faintly glowing robe
 14104 | D:9      | Found a staircase to the Orcish Mines.
 14119 | D:9      | Reached ** piety under Dithmenos
 14472 | D:9      | Got a topaz-encrusted ring mail
 14781 | D:9      | Reached skill level 10 in Spellcasting
 14855 | D:9      | Identified the +0 robe of Entitlement {rElec rF+ MP+9
                  | Slay+3} (You found it on level 9 of the Dungeon)
 14865 | D:9      | Identified the +8 ring mail "Kueh" {rPois rF- Int+4} (You
                  | found it on level 9 of the Dungeon)
 14932 | D:10     | Entered Level 10 of the Dungeon
 15090 | D:10     | Reached skill level 8 in Dodging
 15164 | D:10     | Found Yfaptumn's Assorted Antiques.
 15174 | D:10     | Bought a gold wand for 80 gold pieces
 15222 | D:10     | Reached skill level 10 in Conjurations
 15240 | D:10     | Noticed an unseen horror
 15435 | D:9      | Killed an unseen horror
 15435 | D:9      | Reached skill level 9 in Dodging
 15730 | D:10     | Reached skill level 10 in Dodging
 16086 | D:11     | Noticed a two-headed ogre
 16134 | D:10     | Reached XP level 11. HP: 35/61 MP: 27/27
 16288 | D:11     | Killed a two-headed ogre
 16288 | D:11     | Reached skill level 11 in Dodging
 16475 | D:11     | Noticed Nergalle
 16488 | D:11     | Killed Nergalle
 16559 | D:11     | Found a runed door.
 16560 | D:11     | Noticed derval's ghost (journeyman GnTm)
 16909 | D:11     | Noticed Maurice
 16921 | D:11     | Killed Maurice
 16921 | D:11     | Reached skill level 12 in Dodging
 16928 | D:11     | Noticed a purple ugly thing
 16936 | D:11     | Killed a purple ugly thing
 16936 | D:11     | Reached *** piety under Dithmenos
 17117 | D:11     | Noticed an unseen horror
 17123 | D:11     | Killed an unseen horror
 17123 | D:11     | Reached skill level 5 in Fighting
 17512 | D:12     | Noticed a two-headed ogre
 17517 | D:12     | Killed a two-headed ogre
 18086 | D:12     | Noticed a brown ugly thing
 18088 | D:12     | Noticed Frances
 18098 | D:12     | Noticed a soul eater
 18107 | D:12     | Noticed a sun demon
 18372 | D:5      | Killed derval's ghost
 18442 | D:5      | Bought a scroll of identify for 20 gold pieces
 18548 | Lair:1   | Entered Level 1 of the Lair of Beasts
 18585 | Lair:1   | Found a labyrinth entrance.
 18591 | Lab      | Entered a labyrinth
 19728 | Lab      | Noticed a minotaur
 19738 | Lab      | Killed a minotaur
 19744 | Lab      | Got a translucent chain mail
 19744 | Lab      | Got a heavily runed leather armour
 19759 | Lab      | Identified the cursed +0 chain mail of Suezig {rPois rN+
                  | Regen+} (You found it in a labyrinth)
 19770 | Lab      | Identified the +3 leather armour "Luegguol" {+Inv rCorr
                  | Int-2} (You found it in a labyrinth)
 19823 | Lair:1   | Learned a level 1 spell: Animate Skeleton
 19825 | Lair:1   | Learned a level 1 spell: Apportation
 19890 | Lair:1   | Noticed Sonja
 19893 | Lair:1   | Killed Sonja
 19893 | Lair:1   | Reached skill level 1 in Necromancy
 19946 | Lair:1   | Reached skill level 5 in Summonings
 20032 | Lair:1   | Reached **** piety under Dithmenos
 20361 | Lair:1   | Reached XP level 12. HP: 70/70 MP: 23/30
 20804 | Lair:1   | Got an opalescent robe
 21207 | Lair:2   | Noticed a five-headed hydra
 21212 | Lair:2   | Killed a five-headed hydra
 21828 | Lair:2   | Reached skill level 13 in Dodging
 21985 | Lair:2   | Identified the cursed +0 robe of Precision Catastrophes
                  | {rElec rPois Str+3} (You found it on level 1 of the Lair of
                  | Beasts)
 22638 | Lair:2   | Learned a level 3 spell: Ozocubu's Armour
 22734 | Lair:3   | Found a staircase to the Shoals.
 22745 | Lair:3   | Reached skill level 14 in Dodging
 22839 | Lair:3   | Reached ***** piety under Dithmenos
 23210 | Lair:3   | Noticed an eight-headed hydra
 23216 | Lair:3   | Killed an eight-headed hydra
 23761 | Lair:4   | Found a staircase to the Snake Pit.
 24196 | Lair:4   | Noticed a four-headed hydra
 24202 | Lair:4   | Killed a four-headed hydra
 24245 | Lair:4   | Noticed a four-headed hydra
 24251 | Lair:4   | Killed a four-headed hydra
 24360 | Lair:4   | Reached XP level 13. HP: 39/76 MP: 20/31
 24615 | Lair:4   | Reached skill level 15 in Dodging
 24860 | Lair:4   | Learned a level 3 spell: Call Canine Familiar
 24876 | Lair:5   | HP: 3/76 [spiny frog (6)]
 24876 | Lair:5   | Slain by a basilisk

Vault maps used:
D:1:      wheals_arrival_shading
D:2:      lemuel_doored_altar
D:3:      bloody_makhleb, uniq_ijyb, uniq_terence, uniq_grinder
D:4:      kiku_gazebo_garden_becter, minmay_temple_entry_statues, first_ration,
          serial_glass, glass_columns_c, glass_columns_a
D:5:      chequers_temple_overflow_minitemple, gammafunk_ghost_necromancy,
          serial_shops, shop
D:6:      uniq_prince_ribbit1, uniq_edmund
D:7:      elyvilon_altar_3
D:8:      serial_shops, nicolae_shop_overgrown_old_shop
D:9:      dpeg_oklobed_lair, erik_orc_3, serial_shops,
          nicolae_shop_overgrown_old_shop
D:10:     serial_shops, shop_statue, hangedman_fish_farm
D:11:     gammafunk_ghost_grave, uniq_maurice, uniq_nergalle
D:12:     hangedman_abyss_or_decor_clamps, uniq_gastronok, uniq_frances
Temple:   regret_index_temple_waves
Lair:1:   special_room, lab_entry_generic, wad_woods_02, uniq_sonja
Lair:2:   grunt_megastairs_1, serial_bayou_shore_b, lemuel_fruit_tree,
          infiniplex_staircase_pool_2
Lair:3:   shoals_dummy_entry, minmay_hedge_maze, minivault_25,
          hangedman_lair_generics_rect
Lair:4:   cheibrodos_lair_overgrown_chateau
Lair:5:   slime_altar_1, grunt_megastairs_5, uniq_nessos
Lab:      nicolae_lab_do_over, nicolae_lab_quarters, nicolae_lab_garden,
          labyrinth_skeletal_remains, nicolae_lab_dead_end

Skill      XL: |  1  2  3  4  5  6  7  8  9 10 11 12 13 |
---------------+----------------------------------------+-----
Air Magic      | 3 4 5 |  5.0
Spellcasting   | 5 6 7 9 10 12 | 12.1
Dodging        | 1 2 3 4 5 6 10 12 14 15 | 15.0
Conjurations   | 1 2 3 4 5 7 9 10 | 10.0
Fighting       | 2 3 4 6 7 |  7.4
Evocations     | 1 2 |  2.0
Invocations    | 1 3 4 |  4.3
Summonings     | 2 4 5 7 |  7.0
Necromancy     | 1 |  1.8
Bows           | |  1.1
Armour         | |  1.5
Stealth        | |  1.2
Shields        | |  1.0

Action                   |  1- 3 |  4- 6 |  7- 9 | 10-12 | 13-15 || total
-------------------------+-------+-------+-------+-------+-------++-------
Melee: Dagger            |     9 |    40 |    17 |       |       ||    66
       Mace              |       |       |    22 |       |       ||    22
       Flail             |       |       |    36 |   293 |    11 ||   340
Throw: Stone             |       |       |     1 |       |       ||     1
       Tomahawk          |       |       |       |     2 |       ||     2
 Cast: Shock             |    94 |   139 |    49 |    16 |       ||   298
       Airstrike         |       |     4 |   104 |   193 |       ||   301
       Lightning Bolt    |       |       |    17 |    41 |     5 ||    63
       Summon Lightning  |       |       |       |    72 |     2 ||    74
       Animate Skeleton  |       |       |       |    34 |     4 ||    38
       Ozocubu's Armour  |       |       |       |     1 |       ||     1
Evoke: Wand              |       |     1 |     7 |    19 |       ||    27
  Use: Scroll            |     6 |     2 |     8 |    10 |       ||    26
       Potion            |       |     1 |     2 |     3 |       ||     6
 Stab: Sleeping          |       |       |     1 |     1 |       ||     2
       Distracted        |       |       |       |     1 |       ||     1
  Eat: Chunk             |     4 |    18 |    30 |    38 |     1 ||    91
       Ration            |       |       |     2 |     4 |     1 ||     7
Armor: Robe              |    30 |    17 |    35 |    76 |    20 ||   178
       Skin              |       |       |       |     6 |       ||     6
       Ring mail         |       |       |       |     8 |       ||     8
Dodge: Dodged            |    54 |    51 |   127 |   483 |    20 ||   735

Table legend:
 A = Non-vault XP
 B = Vault XP
 C = Vault XP percentage of total XP
 D = Non-vault monster count
 E = Vault monster count
 F = Vault count percentage of total count
                 A         B        C        D         E       F
            +---------+---------+-------+---------+---------+-------
      Total |   27003 |   12528 |  31.7 |     321 |      82 |  20.3
            +---------+---------+-------+---------+---------+-------
        D:1 |      60 |       0 |   0.0 |      27 |       0 |   0.0
        D:2 |      61 |       0 |   0.0 |      20 |       0 |   0.0
        D:3 |     159 |     359 |  69.3 |      27 |       3 |  10.0
        D:4 |     595 |       0 |   0.0 |      21 |       0 |   0.0
        D:5 |     542 |     338 |  38.4 |      13 |       4 |  23.5
        D:6 |    1080 |     415 |  27.8 |      23 |       2 |   8.0
        D:7 |     937 |       0 |   0.0 |      18 |       0 |   0.0
        D:8 |     971 |       0 |   0.0 |      18 |       0 |   0.0
        D:9 |    2670 |     457 |  14.6 |      38 |      15 |  28.3
       D:10 |    2376 |     412 |  14.8 |      23 |       2 |   8.0
       D:11 |    3317 |    1274 |  27.7 |      14 |       2 |  12.5
       D:12 |    1688 |       0 |   0.0 |      14 |       0 |   0.0
     Lair:1 |     910 |    2541 |  73.6 |       5 |      21 |  80.8
     Lair:2 |    5410 |     265 |   4.7 |      26 |       4 |  13.3
     Lair:3 |    2979 |    2037 |  40.6 |      18 |       5 |  21.7
     Lair:4 |    2178 |    3238 |  59.8 |      15 |      16 |  51.6
     Lair:5 |       0 |     473 | 100.0 |       0 |       3 | 100.0
        Lab |    1070 |     719 |  40.2 |       1 |       5 |  83.3
            +---------+---------+-------+---------+---------+-------
